 Dungeon Crawl Stone Soup version 0.20-a0-870-g4070442 (console) character file.

412 hittembot the Chopper (level 6, -2/53 HPs)
             Began as a Hill Orc Fighter on Mar 13, 2017.
             Slain by Edmund
             ... wielding a +1 flail of venom
              (5 damage)
             ... on level 4 of the Dungeon.
             The game lasted 00:03:51 (2286 turns).

hittembot the Chopper (Hill Orc Fighter)            Turns: 2286, Time: 00:03:52

Health: -2/53      AC:  7    Str: 21    XL:     6   Next: 90%
Magic:  6/6        EV:  8    Int:  8    God:
Gold:   81         SH:  9    Dex: 10    Spells: 5/5 levels left

rFire    . . .     SeeInvis .   a - +0 war axe
rCold    . . .     Gourm    .   b - +0 scale mail
rNeg     . . .     Faith    .   c - +0 shield
rPois    .         Spirit   .   (no helmet)
rElec    .         Reflect  .   (no cloak)
rCorr    .         Harm     .   (no gloves)
MR       .....                  (no boots)
Stlth    ..........             (no amulet)
Regen    0.2/turn               (no ring)
MPRegen  0.1/turn               (no ring)

@: lethally poisoned (-2 -> -26)
A: no striking features
a: no special abilities


You were on level 4 of the Dungeon.
You were not hungry.

You visited 1 branch of the dungeon, and saw 4 of its levels.

You collected 81 gold pieces.

Inventory:

Hand Weapons
 a - a +0 war axe (weapon)
Armour
 b - a +0 scale mail (worn)
 c - a +0 shield (worn)
Jewellery
 s - an uncursed ring of flight {unknown}
 x - an uncursed ring of positive energy {unknown}
Wands
 w - a wand of digging (10/24)
Scrolls
 i - a scroll of enchant armour {unknown}
 j - a scroll of teleportation {unknown}
 l - a scroll of fog {unknown}
 n - a scroll of amnesia {unknown}
 q - a scroll of identify {unknown}
 r - a scroll of random uselessness {unknown}
Potions
 d - a potion of might
 e - 2 potions of resistance {unknown}
 g - a potion of haste {unknown}
 h - a potion of magic {unknown}
 t - 3 potions of curing {unknown}
 v - a potion of mutation {unknown}
Books
 u - a book of Misfortune

   Spells                             Type                      Level
   a - Confusing Touch                Hexes                        1
   b - Confuse                        Hexes                        3
   c - Gell's Gravitas                Translocation                3
   d - Petrify                        Transmutation/Earth          4
   e - Metabolic Englaciation         Hexes/Ice                    5
   f - Yara's Violent Unravelling     Hexes/Transmutation          5
 y - a book of Flames

   Spells                             Type                      Level
   a - Flame Tongue                   Conjuration/Fire             1
   b - Throw Flame                    Conjuration/Fire             2
   c - Conjure Flame                  Conjuration/Fire             3
   d - Inner Flame                    Hexes/Fire                   3
   e - Sticky Flame                   Conjuration/Fire             4
   f - Fireball                       Conjuration/Fire             5
Comestibles
 f - 2 bread rations
 k - a royal jelly
 m - 4 fruits
 o - a meat ration
 p - a chunk of flesh


   Skills:
 + Level 4.4 Fighting
 + Level 6.7 Axes
 + Level 4.4 Armour
 + Level 0.8 Dodging
 + Level 0.1 Stealth
 + Level 4.7 Shields


You had 5 spell levels left.
You didn't know any spells.

Dungeon Overview and Level Annotations

Branches:
Dungeon (4/15)
 Temple: D:4-7

Altars:
Ashenzari
Dithmenos
Gozag
Wu Jian
Yredelemnul

Shops:
D:4 (

Annotations:
D:4 Edmund


Message History

* * * LOW HITPOINT WARNING * * *
You are lethally poisoned!
You hit the wyvern skeleton.
You destroy the wyvern skeleton!
You closely miss Edmund.
* * * LOW HITPOINT WARNING * * *
You feel sick. Edmund hits you but does no damage.
You are more poisoned.
You barely miss Edmund.
Edmund is moderately wounded.
* * * LOW HITPOINT WARNING * * *
You feel sick. Edmund hits you but does no damage.
You are more poisoned.
You closely miss Edmund.
Edmund is moderately wounded.
* * * LOW HITPOINT WARNING * * *
You feel very sick.
Edmund asks, "Have you met my wondrous brother?"
Edmund hits you with a flail of venom.
You die...

#..................#
####........##........#
............##........#
....##.∩######........#
... ##.#####.........#
.. #.#.............#
... #...####........#
....###.### #..$.....#
........# ###@..####
....###.# #@...# ...
#<# ......# .. #.#
#.#....# . #.# .. ....#
#.# #.# #...# ### ..
...# ..# ...#


You could see Edmund.

Vanquished Creatures
  Grinder (D:3)
  A wyvern skeleton (D:4)
  Terence (D:3)
  Natasha (thrice) (D:3)
  2 oozes
  3 worms (D:3)
  2 dart slugs
  3 leopard geckos
  3 giant cockroaches
  16 goblins
  3 hobgoblins
  5 jackals (D:1)
  11 bats
  5 kobolds
  6 rats
65 creatures vanquished.

Notes
Turn   | Place    | Note
-------+----------+-------------------------------------------
     0 | D:1      | hittembot the Hill Orc Fighter began the quest for the Orb.
     0 | D:1      | Reached XP level 1. HP: 19/19 MP: 1/1
   132 | D:1      | Reached XP level 2. HP: 20/27 MP: 2/2
   201 | D:1      | Found a shattered altar of Ashenzari.
   275 | D:1      | Reached skill level 3 in Axes
   602 | D:1      | Reached XP level 3. HP: 13/33 MP: 3/3
  1074 | D:3      | Noticed Terence
  1088 | D:3      | Killed Terence
  1088 | D:3      | Reached skill level 4 in Axes
  1088 | D:3      | Reached XP level 4. HP: 34/40 MP: 4/4
  1276 | D:3      | Noticed Natasha
  1282 | D:3      | Killed Natasha
  1299 | D:3      | Found a shadowy altar of Dithmenos.
  1318 | D:3      | Noticed Grinder
  1329 | D:3      | Killed Grinder
  1329 | D:3      | Reached skill level 6 in Axes
  1329 | D:3      | Reached XP level 5. HP: 10/47 MP: 5/5
  1329 | D:3      | Reached XP level 6. HP: 12/53 MP: 6/6
  1610 | D:3      | Found an opulent altar of Gozag.
  1610 | D:3      | Found an ornate altar of the Wu Jian Council.
  1671 | D:3      | Noticed Natasha
  1684 | D:3      | Killed Natasha
  1926 | D:3      | Noticed Natasha
  1935 | D:3      | Killed Natasha
  2046 | D:3      | Found a basalt altar of Yredelemnul.
  2245 | D:4      | Found Leirph's Weapon Boutique.
  2273 | D:4      | Noticed Edmund
  2286 | D:4      | Slain by Edmund

Vault maps used:
D:1:      evilmike_arrival_sounds_zot, minmay_misc_feat_five,
          nicolae_ashenzari_panopticon
D:2:      kiku_gazebo_garden_becter, uniq_robin
D:3:      grunt_temple_overflow_open, gammafunk_temple_overflow_statue,
          serial_forest, infiniplex_forest_lined_room_3,
          infiniplex_forest_lined_corner, infiniplex_forest_clump_tiny,
          infiniplex_forest_clump_curved, grunt_decor_cap, hex_large,
          uniq_terence, uniq_grinder, uniq_natasha
D:4:      first_bread, portal_sewer_entry_d, serial_shops, shop,
          tgw_kikubaaqudgha, uniq_menkaure, uniq_blork_the_orc, uniq_edmund

Skill      XL: |  1  2  3  4 |
---------------+-------------+-----
Axes           | 3 4 6 |  6.7
Fighting       | 4 |  4.4
Shields        | 4 |  4.7
Armour         | 4 |  4.4
Dodging        | |  0.8
Stealth        | |  0.1

Action                   |  1- 3 |  4- 6 || total
-------------------------+-------+-------++-------
Melee: War axe           |   103 |   101 ||   204
  Eat: Chunk             |     1 |     4 ||     5
Armor: Scale mail        |    65 |    34 ||    99
Dodge: Dodged            |    41 |    41 ||    82
Block: Shield            |    68 |    60 ||   128
